 Seeded DCSS version 0.28-a0-1235-g7c8fac35f0 (webtiles) character file.

Game seed: 9050212736688414197 (custom seed)

1200 croobank the Slasher (level 8, -2/65 HPs)
             Began as a Barachi Cinder Acolyte on Dec 25, 2021.
             Was an Elder of Ignis.
             Slain by a gnoll (5 damage)
             ... on level 7 of the Dungeon.
             The game lasted 00:26:56 (6047 turns).

croobank the Slasher (Barachi Cinder Acolyte)       Turns: 6047, Time: 00:27:08

Health: -2/65      AC: 14    Str: 17    XL:     8   Next: 44%
Magic:  15/15      EV: 10    Int: 14    God:    Ignis [****..]
Gold:   99         SH:  0    Dex:  9    Spells: 14/16 levels left

rFire   + + .      SeeInvis .   a - +0 falchion (flame)
rCold   . . .      Faith    .   (no shield)
rNeg    . . .      Spirit   .   d - +1 ring mail {rF+}
rPois   .          Reflect  .   (no helmet)
rElec   .          Harm     .   (no cloak)
rCorr   .          Rampage  .   (no gloves)
Will    .....                   q - +0 pair of boots
Stlth   ..........              e - amulet of the acrobat
HPRegen 0.20/turn               (no ring)
MPRegen 0.14/turn               (no ring)

@: unable to hop, fiery-armoured, slow
A: amphibious, slowness 1, strong legs 1, +LOS
a: Hop, Renounce Religion, Fiery Armour, Foxfire Swarm, Rising Flame


You were on level 7 of the Dungeon.
You worshipped Ignis.
Ignis was greatly pleased with you.
You visited 1 branch of the dungeon, and saw 7 of its levels.
You also visited: Ossuary.

You collected 99 gold pieces.

Inventory:

Hand Weapons
 a - a +0 falchion of flaming (weapon)
 i - a +0 war axe
 y - a +4 dire flail of protection
Missiles
 c - 93 stones (quivered)
 j - a throwing net
 r - 68 arrows
 t - 63 sling bullets
 B - 3 boomerangs
Armour
 b - a +0 robe
 d - a +1 ring mail of fire resistance (worn)
 o - a +0 scale mail
 q - a +0 pair of boots (worn)
Magical Staves
 h - a staff of earth
 u - a staff of conjuration
 x - a staff of death
Jewellery
 e - an amulet of the acrobat (around neck)
 A - a ring of ice
Scrolls
 f - a scroll of immolation
 g - a scroll of amnesia
 k - a scroll of torment {unknown}
 m - 5 scrolls of identify {unknown}
 n - 2 scrolls of teleportation {unknown}
 w - a scroll of enchant armour {unknown}
Potions
 l - a potion of might {unknown}
 p - a potion of curing
 s - a potion of heal wounds {unknown}
 v - a potion of flight {unknown}
 z - 2 potions of brilliance {unknown}


   Skills:
 + Level 6.9 Fighting
 + Level 6.9 Long Blades
 + Level 4.9 Spellcasting
 + Level 6.2 Fire Magic


You had 14 spell levels left.
You knew the following spells:

 Your Spells              Type           Power      Damage    Failure   Level
a - Scorch                Fire           42%        2d7       3%          2

Your spell library contained the following spells:

 Spells                   Type           Power      Damage    Failure   Level


Dungeon Overview and Level Annotations

Branches:
Dungeon (6/15)            Ossuary (visited)
 Temple: D:4-7

Altars:
Elyvilon
Makhleb
Sif Muna

Annotations:
D:3 2 transporters, dr0g0th's ghost, amateur PaFi
D:7 2 runed translucent doors, r3xj's ghost, novice MiFi


Innate Abilities, Weirdness & Mutations

You are amphibious.
You cover ground slowly.
You can hop short distances.
You have an extended range of vision and can be seen from far away.


Message History

The water moccasin bites you but does no damage.
The gnoll shaman hits you with a +0 club!
You hit the ufetubus but do no damage.
The ufetubus is almost dead.
The ufetubus barely misses you.
The ufetubus hits you but does no damage.
The gnoll hits you but does no damage. The water moccasin bites you!
The ufetubus closely misses you.
The ufetubus hits you but does no damage.
The gnoll shaman hits you with a +0 club.
You slash the ufetubus! You burn the ufetubus.
You kill the ufetubus!
The gnoll closely misses you. The water moccasin bites you.
You closely miss the water moccasin. The water moccasin closely misses you.
The gnoll shaman hits you but does no damage.
The gnoll barely misses you. The gnoll hits you with a +0 whip.
The water moccasin closely misses you.
You closely miss the water moccasin.
The gnoll shaman hits you with a +0 club!
The gnoll hits you with a +0 club. The gnoll barely misses you.
The water moccasin barely misses you.
You barely miss the water moccasin. The gnoll shaman closely misses you.
The gnoll hits you with a +0 club.
The water moccasin bites you but does no damage.
The gnoll hits you with a +0 whip.
You slash the water moccasin! You burn the water moccasin.
The water moccasin is moderately wounded.
The water moccasin bites you.
* * * LOW HITPOINT WARNING * * *
The gnoll shaman hits you with a +0 club!
* * * LOW HITPOINT WARNING * * *
The gnoll hits you with a +0 whip.
* * * LOW HITPOINT WARNING * * *
A protective cloak of flame settles atop you.
The water moccasin misses you.
The gnoll shaman hits you but does no damage.
The gnoll shaman is burned by your cloak of flames.
The gnoll shaman is moderately wounded.
The gnoll hits you with a +0 club.
You die...

######### #..5....###
#.#####.#.###
#.####......#
#####g##......#g#
.5g.5..#.#....gg######
g####..#.#..#.gg@S...#
$##.#.......###g####.#
5#.......#.## #.#
.##.##.###. ..#
g##.##.# #. ....
...g.g.# #. .....
.......# ......
......(# .......
.......# #......


You could see a water moccasin, a gnoll shaman and 5 gnolls.

Vanquished Creatures
  Edmund (D:4)
  A water moccasin (D:6)
  A hornet zombie (Ossuary)
  A necrophage (D:4)
  3 scorpions
  A water moccasin zombie (Ossuary)
  A bullfrog zombie (D:5)
  3 centaur zombies (Ossuary)
  A hound (D:4)
  2 bullfrog skeletons
  5 mummies (Ossuary)
  2 iguanas
  6 adders
  7 gnolls
  2 ufetubi
  A worm (D:4)
  2 dart slugs
  6 orcs
  9 ball pythons
  5 endoplasms
  2 giant cockroaches
  9 goblins
  2 hobgoblins
  A quokka (D:2)
  6 bats
  5 frilled lizards
  5 kobolds
  2 rats (D:2)
92 creatures vanquished.

Vanquished Creatures (others)
  4 plants (D:5)
  6 withered plants (Ossuary)
10 creatures vanquished.

Grand Total: 102 creatures vanquished

Notes
Turn   | Place    | Note
-------+----------+-------------------------------------------
     0 | D:1      | croobank the Barachi Cinder Acolyte began the quest for the
                  | Orb.
     0 | D:1      | Reached XP level 1. HP: 18/18 MP: 2/2
   587 | D:1      | Reached XP level 2. HP: 20/25 MP: 4/4
   656 | D:1      | Learned a level 2 spell: Scorch
   807 | D:1      | Found a faded altar of an unknown god.
  1233 | D:2      | Reached XP level 3. HP: 29/30 MP: 2/5
  1252 | D:2      | Found a white marble altar of Elyvilon.
  1862 | D:3      | Found a transporter.
  1886 | D:3      | Found a transporter.
  1888 | D:3      | Noticed dr0g0th's ghost (amateur PaFi)
  2293 | D:3      | Reached XP level 4. HP: 30/37 MP: 7/7
  2542 | D:3      | Found a shimmering blue altar of Sif Muna.
  2869 | D:2      | Reached XP level 5. HP: 16/43 MP: 1/8
  3620 | D:4      | Found a burning altar of Makhleb.
  3624 | D:4      | Reached skill level 5 in Fighting
  3624 | D:4      | Reached skill level 5 in Long Blades
  3624 | D:4      | Reached XP level 6. HP: 51/51 MP: 3/10
  3838 | D:4      | Noticed a necrophage
  3846 | D:4      | Killed a necrophage
  4137 | D:4      | Noticed Edmund
  4154 | D:4      | Killed Edmund
  4155 | D:4      | Reached skill level 5 in Fire Magic
  4155 | D:4      | Reached XP level 7. HP: 41/56 MP: 2/12
  4700 | D:5      | Entered Level 5 of the Dungeon
  4704 | D:5      | Found a sand-covered staircase.
  4710 | Ossuary  | Entered an ossuary
  4758 | Ossuary  | Reached XP level 8. HP: 21/65 MP: 14/14
  5304 | D:6      | HP: 3/65 [poisoned by a water moccasin]
  6000 | D:5      | You fall into a shaft and drop 2 floors!
  6000 | D:7      | Noticed r3xj's ghost (novice MiFi)
  6000 | D:7      | Noticed a gargoyle
  6001 | D:7      | Found a runed translucent gate.
  6001 | D:7      | Found a runed translucent gate.
  6046 | D:7      | HP: 3/65 [gnoll (3)]
  6047 | D:7      | Slain by a gnoll

Illustrated notes

Levels and vault maps discovered:
D:1:      minmay_arrival_nine_rooms, layout_loops_ring,
          ebering_ecumenical_altar_box, minmay_misc_feat_more_columns
D:2:      layout_rooms, basic_altar
D:3:      layout_loops_ring, led_sif_pool, gammafunk_ghost_mausoleum,
          st_stairs_14
D:4:      layout_basic, makhleb_blood_cavern_becter, uniq_edmund
D:5:      layout_rooms, mainiacjoe_overflow_chevrons, enter_ossuary_2
D:6:      layout_basic, mainiacjoe_overflow_divided_tiny,
          minmay_temple_entry_fiery, minmay_between, uniq_maggie,
          uniq_eustachio, uniq_prince_ribbit1, uniq_pikel
D:7:      layout_loops_cross, mainiacjoe_overflow_catch_the_wave,
          gammafunk_ghost_split

Skill      XL: |  1  2  3  4  5  6  7  8 |
---------------+-------------------------+-----
Fighting       | 4 5 6 |  6.9
Long Blades    | 4 5 6 |  6.9
Spellcasting   | 2 3 4 |  4.9
Fire Magic     | 4 5 6 |  6.2

Action                   |  1- 3 |  4- 6 |  7- 9 || total
-------------------------+-------+-------+-------++-------
Melee: Falchion          |    66 |    24 |    65 ||   155
Throw: Stone             |    13 |     5 |    21 ||    39
 Cast: Scorch            |    20 |    39 |    37 ||    96
Invok: Fiery Armour      |       |     2 |     2 ||     4
 Abil: Hop               |       |       |     1 ||     1
  Use: Scroll            |       |     3 |       ||     3
       Potion            |       |       |     1 ||     1
Armor: Ring mail         |    36 |    17 |    36 ||    89
       Robe              |     1 |       |       ||     1
Dodge: Dodged            |    72 |    55 |    77 ||   204

Table legend: (Time is in decaauts)
 A = Elapsed time spent in this place.
 B = Non-inter-level travel time spent in this place.
 C = Inter-level travel time spent in this place.
 D = Time resting spent in this place.
 E = Time spent auto-exploring this place.
 F = Levels seen in this place.
 G = Mean time per level.
                   A        B        C        D        E       F      G
               +--------+--------+--------+--------+--------+-----+--------+
         Total |   6604 |   6481 |    123 |   2187 |   2882 |   8 |  825.5 |
       Dungeon |   6545 |   6422 |    123 |   2187 |   2882 |   7 |  935.0 |
       Ossuary |     59 |     59 |      0 |      0 |      0 |   1 |   59.0 |
               +--------+--------+--------+--------+--------+-----+--------+

Top non-repeatable levels by time:
     D:4: 1406 daAuts
     D:3: 1404 daAuts
     D:1: 1292 daAuts
     D:2: 1089 daAuts
     D:5: 957 daAuts
     D:6: 340 daAuts
 Ossuary: 59 daAuts
     D:7: 54 daAuts
